Map: 16 bits EC

Players

HoldTheDoor

  • Race: Protoss Protoss
  • League: Diamond
  • Spawn Location: 1:00

VIY - Winner!

  • Race: Zerg Zerg
  • League: Diamond
  • Spawn Location: 7:00

VOD

Have the link to the VOD?

Description

Time

  • Played on: July 8, 2018, 7:59 a.m.
  • Length: 16:47
Show
View Real Time Build Order
Export as new Build Order

HoldTheDoor Protoss 

Build Orders: 1 Gate Expand 

Get SALT Encoding   

  12  0:00  Probe  
  13  0:12  Probe  
  14  0:19  Pylon  
  14  0:25  Probe  
  15  0:36  Probe  
  15  0:40  Gateway  
  16  0:46  Probe  
  16  0:47  Assimilator  
  16  0:54  Probe  
  18  1:05  Probe  
  19  1:28  Nexus  
  19  1:37  Cybernetics Core  
  19  1:50  Probe  
  20  1:56  Pylon  
  20  2:00  Assimilator  
  20  2:02  Probe  
  21  2:14  Probe, Adept  
  24  2:15  Warp Gate  
  24  2:26  Probe  
  25  2:32  Gateway  
  25  2:41  Twilight Council  
  25  2:43  Probe x2  
  27  2:54  Sentry  
  27  2:56  Probe x2  
  31  3:08  Probe x2  
  33  3:15  Robotics Facility  
  33  3:20  Adept  
  33  3:22  Probe x2  
  37  3:34  Probe  
  37  3:35  Resonating Glaives  
  37  3:39  Probe, Pylon  
  39  3:46  Probe  
  40  3:51  Probe  
  40  3:53  Pylon  
  41  3:58  Probe  
  41  4:00  Gateway  
  42  4:03  Probe  
  42  4:05  Warp Prism  
  45  4:10  Probe  
  46  4:18  Adept x2  
  50  4:24  Probe x2  
  50  4:30  Pylon  
  52  4:33  Pylon  
  52  4:37  Immortal, Gateway  
  52  4:44  Gateway  
  52  4:45  Gateway  
  54  4:55  Adept x2  
  38  5:16  Adept x2  
  31  5:36  Immortal  
  31  5:42  Probe x2  
  37  5:54  Probe x2  
  37  5:55  Pylon  
  39  6:00  Sentry x2  
  43  6:06  Probe  
  43  6:09  Probe  
  45  6:17  Probe  
  46  6:20  Probe  
  47  6:25  Probe  
  47  6:28  Probe  
  49  6:33  Probe  
  49  6:36  Probe  
  50  6:40  Immortal  
  50  6:44  Probe  
  52  6:51  Adept  
  52  6:52  Adept x2  
  62  6:56  Zealot x3  
  68  7:01  Probe  
  68  7:02  Probe  
  70  7:12  Charge  
  70  7:14  Probe x2, Zealot x3  
  78  7:30  Pylon  
  78  7:32  Pylon  
  78  7:36  Probe x2  
  80  7:38  Gateway  
  80  7:44  Zealot x3  
  80  7:50  Pylon  
  86  8:14  Stalker x3  
  92  8:23  Immortal  
  92  8:28  Stalker  
  92  8:29  Stalker x2  
  98  9:00  Stalker x2  
  98  9:10  Pylon  
  98  9:11  Pylon  
  98  9:12  Pylon  
  98  9:14  Pylon  
  98  9:16  Warp Prism  
  98  9:25  Nexus  
  98  9:27  Pylon  
  98  9:29  Pylon  
  98  9:30  Assimilator  
  100  9:33  Assimilator  
  100  9:38  Zealot x6  
  106  9:39  Zealot  
  106  9:44  Immortal  
  114  9:51  Pylon  
  114  9:52  Probe x2  
  120  9:59  Blink  
  120  10:04  Probe x2  
  122  10:12  Sentry  
  122  10:13  Sentry x2  
  128  10:14  Zealot  
  128  10:16  Probe x2  
  132  10:25  Pylon  
  132  10:28  Probe  
  132  10:29  Probe  
  134  10:37  Zealot  
  134  10:38  Zealot x3  
  142  10:47  Gateway  
  96  11:14  Zealot x2  
  96  11:15  Zealot x5  
  88  11:24  Zealot x4  
  64  11:48  Zealot x7  
  64  11:52  Probe  
  64  11:53  Probe  
  80  11:55  Probe  
  80  11:59  Immortal  
  85  12:02  Stalker  
  85  12:05  Probe x2  
  85  12:07  Probe  
  88  12:14  Assimilator  
  88  12:17  Probe  
  88  12:18  Templar Archives  
  88  12:21  Assimilator  
  88  12:22  Probe x2  
  91  12:28  Immortal, Zealot x2  
  91  12:29  Zealot x2  
  99  12:40  Probe  
  99  12:41  Probe  
  105  12:49  Robotics Bay  
  105  12:50  Probe  
  106  12:53  Probe  
  106  12:58  Immortal  
  107  13:01  Sentry x3  
  107  13:03  Zealot x3  
  119  13:06  Zealot  
  125  13:15  Forge  
  125  13:18  Probe x2  
  127  13:21  Forge  
  127  13:28  Zealot x2  
  127  13:32  High Templar x3  
  127  13:33  Pylon, High Templar  
  139  13:34  High Templar  
  139  13:36  High Templar  
  139  13:38  Observer  
  139  13:39  Archon x2  
  139  13:40  Archon  
  144  13:49  Probe  
  144  13:50  Probe  
  144  13:55  Colossus  
  146  13:59  Pylon  
  152  14:14  Probe x2  
  154  14:19  Nexus  
  154  14:21  Pylon  
  154  14:24  Pylon  
  154  14:25  High Templar x4  
  154  14:26  High Templar x3  
  154  14:29  Archon x2, Pylon  
  154  14:30  Archon  
  168  14:35  Protoss Ground Armor Level 1  
  168  14:36  Protoss Ground Weapons Level 1  
  168  14:39  Assimilator, Probe x2  
  168  14:41  Assimilator  
  168  14:43  Psionic Storm  
  170  14:58  Probe  
  171  15:08  Probe  
  171  15:12  Probe x2  
  174  15:20  High Templar x3  
  180  15:22  Zealot x2  
  180  15:23  Zealot x3  
  190  15:29  Archon  
  190  15:40  Photon Cannon  
  190  15:41  Photon Cannon  
  190  15:43  Photon Cannon  
  190  15:44  Shield Battery  
  190  15:45  Shield Battery, Colossus  
  190  15:48  Pylon  
  196  15:50  Zealot x2  
  196  15:53  Pylon  
  200  15:59  Pylon  
  200  16:01  Pylon  
  94  16:34  Zealot x5  
  94  16:35  Zealot x3  
Show
View Real Time Build Order
Export as new Build Order

VIY Zerg - Winner!

Build Orders: Hatch First, Lurkers, Zergling Baneling 

Get SALT Encoding   

  12  0:00  Drone  
  13  0:12  Overlord  
  13  0:21  Drone  
  14  0:31  Drone x2  
  14  0:35  Drone  
  17  0:56  Hatchery  
  16  0:58  Drone  
  16  1:01  Drone  
  18  1:15  Extractor  
  18  1:16  Spawning Pool  
  16  1:23  Drone  
  16  1:24  Drone  
  18  1:28  Drone  
  19  1:45  Overlord  
  19  2:02  Drone  
  19  2:04  Queen  
  19  2:05  Zergling x2  
  19  2:07  Queen  
  25  2:09  Zergling x2  
  26  2:20  Drone x2  
  26  2:22  Metabolic Boost  
  28  2:39  Hatchery  
  27  2:48  Queen  
  27  2:50  Drone  
  30  2:56  Drone x2  
  32  3:04  Drone x3  
  35  3:11  Drone  
  36  3:13  Overlord  
  36  3:21  Baneling Nest  
  35  3:30  Zergling x2  
  35  3:31  Zergling x8  
  35  3:32  Zergling x2  
  41  3:46  Overlord  
  41  3:49  Zergling x4  
  42  4:17  Zergling x2  
  42  4:18  Zergling x20  
  42  4:20  Baneling x5  
  42  4:21  Baneling x3  
  53  4:24  Baneling  
  53  4:36  Zergling x8  
  53  4:38  Overlord x3  
  50  5:11  Drone x6  
  50  5:12  Drone x7  
  50  5:35  Extractor  
  45  5:39  Extractor  
  45  5:40  Roach Warren  
  43  5:47  Overlord x2  
  43  5:51  Drone x2  
  43  5:52  Drone  
  43  5:54  Lair  
  46  6:03  Spore Crawler  
  45  6:08  Spore Crawler  
  44  6:11  Drone  
  44  6:12  Drone x5  
  44  6:15  Overlord  
  50  6:23  Roach  
  50  6:24  Roach x9  
  70  6:39  Evolution Chamber x2  
  66  6:48  Spore Crawler  
  65  6:59  Drone x10  
  65  7:00  Drone x2  
  77  7:05  Hydralisk Den  
  77  7:06  Zerg Missile Weapons Level 1, Zerg Ground Armor Level 1  
  77  7:08  Drone x2  
  78  7:32  Extractor, Drone  
  78  7:33  Extractor, Drone x9  
  78  7:34  Drone  
  78  7:35  Drone x4  
  91  7:40  Grooved Spines  
  91  7:55  Hydralisk  
  91  7:56  Hydralisk x2  
  101  8:06  Roach  
  99  8:28  Overlord x5  
  99  8:36  Spine Crawler  
  99  8:37  Spine Crawler  
  99  8:39  Spine Crawler x2  
  93  8:42  Spore Crawler  
  80  9:00  Muscular Augments  
  80  9:01  Hydralisk x9  
  98  9:03  Hatchery  
  97  9:24  Hydralisk x4  
  105  9:36  Roach Warren  
  104  9:40  Overseer  
  104  9:54  Extractor  
  104  9:56  Zerg Missile Weapons Level 2  
  103  10:03  Zergling x24  
  115  10:23  Spore Crawler  
  115  10:25  Hydralisk  
  115  10:26  Hydralisk x5  
  119  10:38  Roach  
  119  10:39  Roach x7  
  130  10:49  Overlord x2  
  130  10:50  Overlord x2  
  130  10:52  Roach x2  
  103  11:12  Hydralisk  
  103  11:13  Hydralisk x7  
  74  11:36  Hydralisk  
  74  11:37  Hydralisk x5  
  69  11:55  Drone x6  
  69  11:56  Drone x7  
  82  12:04  Zerg Ground Armor Level 2  
  82  12:28  Hydralisk x8  
  98  12:36  Hatchery  
  97  12:37  Queen, Drone  
  97  12:38  Queen  
  97  12:43  Lurker Den  
  101  13:09  Spore Crawler  
  101  13:12  Spore Crawler  
  99  13:23  Spore Crawler  
  98  13:42  Drone x9  
  107  13:56  Hydralisk x2  
  107  13:57  Hydralisk x2  
  115  14:10  Lurker x3  
  115  14:11  Lurker x6  
  115  14:14  Roach x2  
  115  14:15  Roach x3  
  134  14:19  Extractor  
  134  14:20  Extractor  
  134  14:21  Extractor  
  131  14:30  Infestation Pit  
  130  15:07  Hydralisk  
  130  15:08  Hydralisk x13  
  130  15:09  Hydralisk  
  130  15:12  Overlord  
  160  15:30  Lurker x2  
  160  15:31  Lurker x2  
  164  15:36  Drone x2  
  164  15:37  Overlord, Drone x3  
  164  15:38  Overlord x2  
  164  15:40  Hydralisk x2  
  173  16:05  Hydralisk x13  
  199  16:17  Hatchery  
Tags
 
Add a new tag
Caveats
  • Supply blocks, unpowered buildings, or Contaminate may cause inaccurate times.
  • Supply counts are checked every 10 seconds.